Cogmind - Beta 10.1 @@@ ROGUE MODE // 2020.09.23 @ 10:01:37 Player: Nimraaz Result: Destroyed by G-47 Trooper with Particle Gun Performance ------------- Evolutions (2) 1000 Regions Visited (5) 1000 Robots Destroyed (22) 110 Value Destroyed (716) 716 Prototype IDs (1) 20 Alien Tech Used (0) 0 Bonus (0) 0 TOTAL SCORE: 2846 Bonus ------- None Cogmind --------- Core Integrity 0/550 Matter 235/300 Energy 100/100 System Corruption 0% Temperature Cool (9) Movement Core (700) Ox13 Location -8/Materials Parts ------- > --- POWER (1) -------- (None) > --- PROPULSION (5) --- (None) > --- UTILITY (3) ------ Medium Storage Unit High-capacity Storage Unit Targeting Computer > --- WEAPON (2) ------- (None) > --- INVENTORY (16) --- Ion Engine Ion Engine Ion Engine Improved Ion Engine Heat Sink Heat Sink Heat Sink Improved Heat Sink Small Storage Unit Targeting Computer Utility Shielding Mining Laser Peak State ------------ > --- POWER ------------ Improved Ion Engine > --- PROPULSION ------- Light Treads Aluminum Leg Aluminum Leg Aluminum Leg Airjet > --- UTILITY ---------- Medium Storage Unit High-capacity Storage Unit Targeting Computer > --- WEAPON ----------- Small Laser Light Cannon > --- INVENTORY -------- Ion Engine Ion Engine Ion Engine Light Ion Engine Light Ion Engine Light Treads Heat Sink Heat Sink Heat Sink Small Storage Unit Targeting Computer Utility Shielding Grenade Launcher Mining Laser [Rating: 15] Favorites ----------- Power Ion Engine Engine Ion Engine Propulsion Aluminum Leg Treads Light Treads Leg Aluminum Leg Hover Unit Airjet Flight Unit Flight Unit Utility High-capacity Storage Unit Storage High-capacity Storage Unit Processor Targeting Computer Protection Utility Shielding Weapon Light Cannon Energy Gun Small Laser Ballistic Gun Light Assault Rifle Ballistic Cannon Light Cannon Launcher Grenade Launcher Build | -11 -10 -10 -9 -9 -8 ------- Run | Scr Mat Min Mat Min Mat Slots Evolved 4 | . . . 2 . 2 Power . | . . . . . . Propulsion 3 | . . . 2 . 1 Utility 1 | . . . . . 1 Weapon . | . . . . . . Parts Attached 54 | 6 18 6 7 2 15 Power 5 | 1 2 . . 1 1 Engine 5 | 1 2 . . 1 1 Core . | . . . . . . Reactor . | . . . . . . Propulsion 25 | 2 7 2 6 . 8 Treads 5 | . . 2 . . 3 Leg 14 | 2 5 . 5 . 2 Wheel . | . . . . . . Hover 3 | . . . . . 3 Flight 3 | . 2 . 1 . . Utility 6 | 1 1 . 1 . 3 Device . | . . . . . . Storage 4 | 1 1 . 1 . 1 Processor 1 | . . . . . 1 Hackware . | . . . . . . Protection 1 | . . . . . 1 Artifact . | . . . . . . Weapon 18 | 2 8 4 . 1 3 Energy Gun 9 | . 6 . . 1 2 Energy Cannon . | . . . . . . Ballistic Gun 4 | 2 1 1 . . . Ballistic Cannon 4 | . 1 3 . . . Launcher 1 | . . . . . 1 Special Weapon . | . . . . . . Impact Weapon . | . . . . . . Slashing Weapon . | . . . . . . Piercing Weapon . | . . . . . . Special Melee Weapon . | . . . . . . Unidentified Prototypes 1 | . . . . . 1 Parts Lost 23 | . 7 . 1 . 15 Power 2 | . 1 . . . 1 Propulsion 12 | . 2 . . . 10 Utility . | . . . . . . Weapon 9 | . 4 . 1 . 4 Highest Loss Streak 6 | . 3 . 1 . 6 Average Slot Usage (%) 87 | . 88 86 94 99 77 Engine 11 | . 12 14 11 11 7 Treads 7 | . . 4 18 11 15 Leg 19 | . 24 12 19 33 15 Storage 24 | . 27 28 22 22 17 Processor 2 | . . . . . 9 Energy Gun 7 | . 17 . . 10 8 Ballistic Gun 6 | . 4 14 10 . . Ballistic Cannon 7 | . 1 13 11 11 3 Naked Turns . | . . . . . . Heaviest Build 51 | 10 44 45 49 49 51 Greatest Support 60 | 20 20 40 40 30 60 Greatest Overweight (x) 14 | 1 12 4 4 1 14 Average Overweight (x) 2 | . 2 3 2 1 1 Largest Inventory Capacity 16 | 6 14 14 16 16 16 Average Capacity 14 | 5 13 14 14 16 15 Most Carried 16 | 4 14 14 14 14 16 Average Carried 11 | 2 10 12 11 12 13 Final Capacity 16 | 6 14 14 16 16 16 Final Carried 14 | 4 14 12 13 13 12 Class Distribution -------------------- 74% | Mutant 25% | Scavenger-Mutant Dominant Class ---------------- Mutant | -10/Materials Mutant | -10/Mines Scavenger-Mutant | -9/Materials Scavenger-Mutant | -9/Mines Mutant | -8/Materials Resources | -11 -10 -10 -9 -9 -8 ----------- Run | Scr Mat Min Mat Min Mat Matter Collected 670 | 239 124 52 68 26 161 Remotely . | . . . . . . Salvage Created 749 | . 251 . 68 26 404 Parts 46 | . 19 . 4 4 19 Haulers Intercepted . | . . . . . . Recyclers Shooed . | . . . . . . Parts Field Recycled . | . . . . . . Retrieved Matter . | . . . . . . Parts Self-Destructed . | . . . . . . Prevented . | . . . . . . Kills | -11 -10 -10 -9 -9 -8 ------- Run | Scr Mat Min Mat Min Mat Combat Hostiles Destroyed 20 | . 8 . 2 2 8 Guns 10 | . 7 . . 1 2 Cannons 5 | . 1 . 2 1 1 AOE 4 | . . . . . 4 Classes Destroyed 5 | . 2 . . . 3 Worker 1 | . . . . . 1 Operator 1 | . . . . . 1 Swarmer 5 | . 3 . . 2 . Grunt 13 | . 5 . 2 . 6 Sentry 2 | . . . . . 2 Best Kill Streak 6 | . 3 . 2 2 6 Combat Bots Only 4 | . 3 . 2 2 4 Max Kills in Single Turn 2 | . 1 . 1 1 2 Gunslinging . | . . . . . . Exploded 2 | . . . . . 2 Melee . | . . . . . . Uniques/NPCs Destroyed . | . . . . . . Combat | -11 -10 -10 -9 -9 -8 -------- Run | Scr Mat Min Mat Min Mat Damage Taken 2924 | . 690 . 445 90 1699 Core 839 | . 198 . 76 15 550 Absorbed by Shields . | . . . . . . Core Remaining (%) 65 | 100 . 20 . 77 . Volleys Fired 70 | . 25 . 5 3 37 Largest 2 | . 2 . 2 2 2 Hottest 96 | . 90 . 55 75 96 Shots Fired 101 | . 43 . 10 6 42 Gun 80 | . 38 . 5 3 34 Cannon 17 | . 5 . 5 3 4 Launcher 4 | . . . . . 4 Special . | . . . . . . Kinetic 24 | . 7 . 10 3 4 Thermal 73 | . 36 . . 3 34 Explosive 4 | . . . . . 4 Electromagnetic . | . . . . . . Robot Hit Streak 16 | . 8 . 4 3 16 Robot Miss Streak 2 | . 2 . 2 1 1 Penetration Max . | . . . . . . Secondary Targets . | . . . . . . Shots Hit Robots 76 | . 28 . 6 4 38 Core Hits 37 | . 16 . 3 2 16 Critical Hits . | . . . . . . Critical Kills . | . . . . . . Critical Parts Destroyed . | . . . . . . Melee Attacks . | . . . . . . Impact . | . . . . . . Slashing . | . . . . . . Piercing . | . . . . . . Sneak Attacks . | . . . . . . Combat Hostiles . | . . . . . . Follow-up Attacks . | . . . . . . Damage Inflicted 1261 | . 313 3 77 48 820 Guns 808 | . 261 . 23 32 492 Cannons 194 | . 52 . 54 16 72 Explosions 255 | . . . . . 255 Melee . | . . . . . . Ramming 4 | . . 3 . . 1 Kinetic 237 | . 72 . 77 16 72 Thermal 765 | . 241 . . 32 492 Explosive 255 | . . . . . 255 Electromagnetic . | . . . . . . Impact . | . . . . . . Slashing . | . . . . . . Piercing . | . . . . . . Highest Corruption . | . . . . . . Average Corruption . | . . . . . . Corruption Purged . | . . . . . . Overload Shots . | . . . . . . Overflow Damage . | . . . . . . Projectiles . | . . . . . . Explosions . | . . . . . . Melee . | . . . . . . Knockbacks . | . . . . . . Impact . | . . . . . . Kinetic . | . . . . . . Secondary . | . . . . . . Self-Inflicted Damage 46 | . . . . . 46 Shots 2 | . . . . . 2 Rammed 2 | . . 1 . . 1 Targets Rammed 2 | . . 1 . . 1 Kicked . | . . . . . . Crushed . | . . . . . . Highest Temperature 274 | . 180 . 22 18 274 Average Temperature 69 | . 68 . 11 10 83 Received Heat Transfer 1284 | . 336 . 174 . 774 Siege Activations . | . . . . . . Robots Corrupted . | . . . . . . Combat Hostiles . | . . . . . . Parts Fried . | . . . . . . Impact Corruptions . | . . . . . . Robots Melted 1 | . . . . . 1 Combat Hostiles 1 | . . . . . 1 Parts Melted 6 | . 1 . . . 5 Heat Transferred 1783 | . 621 . . 75 1087 Parts Sabotaged . | . . . . . . Parts Stolen . | . . . . . . Parts Stripped . | . . . . . . Power Chain Reactions . | . . . . . . Missiles Intercepted . | . . . . . . Alert | -11 -10 -10 -9 -9 -8 ------- Run | Scr Mat Min Mat Min Mat Peak Influence 140 | . 131 11 55 67 140 Initial 26 | . . 11 . 17 26 Average 33 | . 44 6 23 51 54 Maximum Alert Level . | . . . . . . Low Security (%) 100 | 100 100 100 100 100 100 Level 1 . | . . . . . . Level 2 . | . . . . . . Level 3 . | . . . . . . Level 4 . | . . . . . . Level 5 . | . . . . . . High Security . | . . . . . . Max Security . | . . . . . . Squads Dispatched 3 | . 1 . 1 . 1 Investigation 1 | . 1 . . . . Extermination . | . . . . . . Reinforcement 2 | . . . 1 . 1 Assault . | . . . . . . Garrison . | . . . . . . Intercept . | . . . . . . Construction Impeded . | . . . . . . Haulers Reinforced . | . . . . . . Stealth | -11 -10 -10 -9 -9 -8 --------- Run | Scr Mat Min Mat Min Mat Distress Signals 2 | . . . . . 2 Communications Jammed . | . . . . . . Distress Signals . | . . . . . . Times Spotted 40 | . 12 . 12 3 13 Peak Tracking Total 11 | . 4 . 11 3 9 Tactical Retreats 1 | . . . . 1 . Traps | -11 -10 -10 -9 -9 -8 ------- Run | Scr Mat Min Mat Min Mat Traps Triggered 4 | . 4 . . . . Indirectly . | . . . . . . Trap Hack Attempts . | . . . . . . Triggered . | . . . . . . Disarmed . | . . . . . . Reprogrammed . | . . . . . . Reused . | . . . . . . Traps Extracted . | . . . . . . Installed . | . . . . . . Triggered . | . . . . . . Machines | -11 -10 -10 -9 -9 -8 ---------- Run | Scr Mat Min Mat Min Mat Machines Disabled 1 | . . . . . 1 Max in Single Turn 1 | . . . . . 1 Machines Sabotaged . | . . . . . . Garrisons Compromised . | . . . . . . Overloaded Fab Kills . | . . . . . . Fab Network Shutdowns . | . . . . . . Hacking | -11 -10 -10 -9 -9 -8 --------- Run | Scr Mat Min Mat Min Mat Machines Accessed 3 | . 1 . . . 2 Terminals 1 | . 1 . . . . Fabricators . | . . . . . . Repair Stations 1 | . . . . . 1 Recycling Units . | . . . . . . Scanalyzers 1 | . . . . . 1 Garrison Access . | . . . . . . Total Hacks 8 | . 2 . . . 6 Successful 7 | . 2 . . . 5 Failed 1 | . . . . . 1 Catastrophic . | . . . . . . Database Lockouts . | . . . . . . Manual . | . . . . . . Terminals 2 | . 2 . . . . Fabricators . | . . . . . . Repair Stations 2 | . . . . . 2 Recycling Units . | . . . . . . Scanalyzers 4 | . . . . . 4 Garrison Access . | . . . . . . Terminal Hacks 2 | . 2 . . . . Locate Traps 1 | . 1 . . . . Recall Investigation 1 | . 1 . . . . Fabricator Hacks . | . . . . . . Repair Station Hacks 1 | . . . . . 1 Scan Component 1 | . . . . . 1 Recycling Unit Hacks . | . . . . . . Scanalyzer 4 | . . . . . 4 Insert Component 2 | . . . . . 2 Analyze 2 | . . . . . 2 Garrison Access Hacks . | . . . . . . Unauthorized Hacks . | . . . . . . Terminals . | . . . . . . Fabricators . | . . . . . . Repair Stations . | . . . . . . Recycling Units . | . . . . . . Scanalyzers . | . . . . . . Garrison Access . | . . . . . . Data Cores Recovered . | . . . . . . Used . | . . . . . . Hacking Detections 3 | . 1 . . . 2 Full Trace Events 1 | . . . . . 1 Feedback Events . | . . . . . . Feedback Blocked . | . . . . . . Robot Schematics Acquired . | . . . . . . Robots Built . | . . . . . . Matter . | . . . . . . Time . | . . . . . . Total Robot Build Rating . | . . . . . . Part Schematics Acquired 2 | . . . . . 2 Parts Built . | . . . . . . Matter . | . . . . . . Time . | . . . . . . Total Part Build Rating . | . . . . . . Parts Repaired . | . . . . . . Time . | . . . . . . Parts Recycled . | . . . . . . Recycled Matter . | . . . . . . Retrieved Matter . | . . . . . . Retrieved Components . | . . . . . . Parts Scanalyzed 2 | . . . . . 2 Part Schematics Acquired 2 | . . . . . 2 Parts Damaged . | . . . . . . Bothacking | -11 -10 -10 -9 -9 -8 ------------ Run | Scr Mat Min Mat Min Mat Used RIF Installer . | . . . . . . Robots Hacked . | . . . . . . Non-combat . | . . . . . . Combat . | . . . . . . Robot Hacks Applied . | . . . . . . Relay Couplers Released . | . . . . . . Robots Rewired . | . . . . . . Allies Hacked . | . . . . . . Hacks Repelled . | . . . . . . Allies | -11 -10 -10 -9 -9 -8 -------- Run | Scr Mat Min Mat Min Mat Total Allies . | . . . . . . Largest Group . | . . . . . . Highest-Rated Group . | . . . . . . Highest-Rated Ally . | . . . . . . Total Orders . | . . . . . . Ally Attacks . | . . . . . . Total Damage . | . . . . . . Kills . | . . . . . . Allies Corrupted . | . . . . . . Allies Melted . | . . . . . . Intel | -11 -10 -10 -9 -9 -8 ------- Run | Scr Mat Min Mat Min Mat Robot Analysis Total . | . . . . . . Derelict Logs Recovered 1 | . . . . 1 . Drone Launches . | . . . . . . Drone Recoveries . | . . . . . . Exploration | -11 -10 -10 -9 -9 -8 ------------- Run | Scr Mat Min Mat Min Mat Turns Passed 2366 | 66 625 705 145 305 520 Spaces Moved 1073 | 47 274 292 61 194 205 Core 16 | 8 1 . . . 7 Treads 129 | . . 43 3 . 83 Legs 925 | 39 273 249 58 194 112 Wheels . | . . . . . . Hover 3 | . . . . . 3 Flight . | . . . . . . Fastest Speed 50 | 50 120 180 150 150 120 Average Speed 187 | 113 185 231 181 150 184 Slowest Speed 750 | 120 650 240 240 150 750 Overloaded Moves . | . . . . . . Propulsion Burnouts . | . . . . . . Robots Hopped . | . . . . . . Cave-ins Triggered . | . . . . . . Exploration Rate (%) 31 | 4 51 64 9 41 19 Regions Visited 5 Branch Regions 2 Pre-discovered Areas 1 | . . . . 1 . Known Exits Taken . | . . . . . . Unknown Exits Taken 5 | 1 1 1 1 1 . Scrap Searched 3 | . . 3 . . . Spaces Dug . | . . . . . . Terrain Destroyed 28 | . . . . . 28 Melee . | . . . . . . Projectile . | . . . . . . AOE 28 | . . . . . 28 Terrain Rammed . | . . . . . . Walls Destroyed . | . . . . . . Machines Disabled . | . . . . . . Actions | -11 -10 -10 -9 -9 -8 --------- Run | Scr Mat Min Mat Min Mat Total 1315 | 56 345 322 85 203 304 Wait 66 | . 11 21 9 1 24 Move 1068 | 46 273 291 60 193 205 Hop . | . . . . . . Pick Up 36 | 4 14 1 2 2 13 Fast Attach 20 | 6 8 . . . 6 Attach 21 | . 6 5 2 2 6 Detach 6 | . 3 2 . 1 . Swap 13 | . 4 1 5 . 3 Drop 13 | . 1 . 2 1 9 Fire 70 | . 25 . 5 3 37 Melee . | . . . . . . Ram 1 | . . . . . 1 Kick . | . . . . . . Crush 1 | . . 1 . . . Escape Stasis . | . . . . . . Rewire . | . . . . . . Trap . | . . . . . . Miscellaneous . | . . . . . . Route ------- -11/Scrapyard -10/Materials (discovered 2 exits: [*Mat] / [*Min]) -10/Mines -9/Materials -9/Mines -8/Materials History --------- Turn | Location | Event 18 | -11/Scrapyard | Discovered new exit (range 15) 67 | -11/Scrapyard | Entered Materials 305 | -10/Materials | Build established: Mutant 457 | -10/Materials | Discovered new exit (range 14) 484 | -10/Materials | Discovered new exit (range 12) 554 | -10/Materials | Lost 3 parts (1p1n1w) 632 | -10/Materials | Core integrity fell below 50% 678 | -10/Materials | Lost 3 parts (1n2w) 692 | -10/Materials | Entered Mines 693 | -10/Mines | YI-UF0 nonchalantly dropped a Grenade Launcher on the ground 1159 | -10/Mines | Discovered new exit (range 15) 1397 | -10/Mines | Entered Materials 1397 | -9/Materials | Evolved 2 slots: Propulsion x2 1511 | -9/Materials | Discovered new exit (range 16) 1542 | -9/Materials | Entered Mines 1554 | -9/Mines | Learned location of Storage (-7) 1842 | -9/Mines | Discovered new exit (range 3) 1845 | -9/Mines | Build established: Scavenger-Mutant 1847 | -9/Mines | Entered Materials 1847 | -8/Materials | Evolved 2 slots: Propulsion x1, Utility x1 2113 | -8/Materials | Lost 3 parts (2n1w) 2309 | -8/Materials | Core integrity fell below 50% 2329 | -8/Materials | Lost 6 parts (1p4n1w) 2350 | -8/Materials | Core integrity fell below 20% 2367 | -8/Materials | Destroyed by G-47 Trooper with Particle Gun Last Messages --------------- U-05 Engineer lays Concrete. U-05 Engineer builds a Wall. Acquired Aluminum Leg. Grenade Launcher destroyed. R-06 Scavenger collects Wheel. Acquired Particle Gun. U-05 Engineer lays Concrete. U-05 Engineer destroyed. R-06 Scavenger collects Imp. Heat Sink. Acquired Hover Unit. Hover Unit destroyed. R-06 Scavenger collects Hacking Suite. K-01 Serf collects debris. Aluminum Leg destroyed. R-06 Scavenger collects Lgt. Ion Engine. K-01 Serf collects debris. Particle Gun destroyed. K-01 Serf collects debris. Aluminum Leg destroyed. K-01 Serf collects debris. Map ----- +----------------------------------------------------+ | ?????????????# ## # """#??? | | ?????????????# """ ## # """#??? | | ?????????????# """ ## + #??? | | ?????????????? """ ## # #??? | | ??????######???? ## ##########??? | | ??????# #######+## #??????????? | | ??????# #??????????? | | ####### ** #??????????? | | ##### ### #??????????? | | ############???# #?######??????????? | | #?????????###### #?????????????????? | | #?????????# #?????????????????? | | ??######### #?????????????????? | | ?? # ### ##?????????????????? | | ? """ """ # #?# #??????????????????? | | # """ """ # ###+########???????????? | | # """ """ + ## #????????"??? | | # # + #?? "?" #??? | | # # ### """ """ #?? "#?? | | # # #?# """ """ #?? T#?? | | # # #?# """ """ #? "#?? | | ########### #?# #?"" #??? | | ??????????# ### ##"T #??? | | ??????????# + #"" #??? | | ??????????# #### k % % #??? | | ??????????# #### %% [ @g #??? | | ??????????# != #####????? | | ??????????######## #????????? | | ????????????????##%|Y ## #????????? | | ????????????????##! ####?w#????????? | | ?????????????????# #???? #????????? | | ?????????????????# #????+#????????? | | ???????????????? ??????????????? | | ??????????????? [ ??????????????? | | ?????????????? "" % ??????????????? | | ????????????? "" ! ?????????????? | | ???????????? ?"" % ?????????????? | | ???????????????"" = ?????????????? | | ???????????????" #?????????????? | | ???????????????? ?????????????? | | ???????????????? ?????????????? | | ???????????????? ??????????????? | | ??????????????????# #??????????????? | | ????????????????????????????????????? | | ????????????????????????????????????? | | ????????????????????????????????????? | | ????????????????????????????????????? | | ????????????????????????????????????? | | ????????????????????????????????????? | | ????????????????????????????????????? | +----------------------------------------------------+ Best States ------------- Heat Dissipation 31 Energy Generation 12 Energy Capacity 265 Matter Stores 300 Matter Capacity 300 Sight Range 16 Terrain Scan Density 10 Utility Shielding 33 Evasion (%) 40 Targeting Accuracy 5 Recoil Reduction 3 Item Schematics ----------------- Heat Sink | -8/Materials | Scanalyzed Hcp. Storage Unit | -8/Materials | Scanalyzed Robot Schematics ------------------ None Fabricated ------------ Nothing Alien Tech Used ----------------- None Achievements -------------- It's Just You Risk Taker Challenges ------------ None Game ------ Seed BackupMachineSlayer Manual? 0 Play Time 00:24:45 Cumulative 3.1 hours Start 2020.09.23 @ 09:37:29 End 2020.09.23 @ 10:01:37 Sessions 1 Manual Loads 0 Difficulty Rogue Special Mode None Game No. 5 Rogue 5 Adventurer 0 Explorer 0 Win Type - Total 0 Types 0/0/0/0/0/0/0/0/0 Lore% 2 Gallery% 8 Achievement% 8 Wizard Run 0 Options --------- ASCII 0 Keyboard 1 Movement Numpad Keybinds 0 Fullscreen 2 Font 18/TerminusBold Map View 76x50 Tactical HUD 0 Map Filters NONE Filters NONE Steam 0 RUN: 996d0742-da33-447c-9126-b845d4b70cbb